 Dungeon Crawl Stone Soup version 0.30-a0-457-g4b7bca3bfa (webtiles) character file.

Game seed: 12326264514755430772

3317 Ijustatesigmund the Magician (level 10, 0/81 HPs)
             Began as a Gnoll Fire Elementalist on Dec 13, 2022.
             Was an Initiate of Cheibriados.
             Slain by a two-headed ogre
             ... wielding a +0 giant club
              (12 damage)
             ... on level 8 of the Dungeon.
             The game lasted 00:17:08 (9865 turns).

Ijustatesigmund the Magician (GnFE)                 Turns: 9865, Time: 00:17:08

Health: 0/81       AC: 13    Str: 17    XL:     10   Next: 1%
Magic:  20/20      EV: 14    Int: 23    God:    Cheibriados [......]
Gold:   302        SH:  5    Dex: 14    Spells: 14/23 levels left

rFire   . . .      SeeInvis .    c - +3 mace (protect)
rCold   . . .      Faith    .    m - +0 buckler
rNeg    . . .      Spirit   .    a - +0 robe
rPois   .          Reflect  .    (no helmet)
rElec   .          Harm     .    (no cloak)
rCorr   .          Rampage  .    p - +0 pair of gloves
Will    .....                    i - +0 pair of boots
Stlth   +++.......               k - amulet of the acrobat
HPRegen 0.33/turn                s - +6 ring of strength
MPRegen 0.17/turn                n - +6 ring of intelligence

@: under a protective aura, very slow
A: fangs 1, strong nose, distributed training, iridescent scales 1, robust 1
a: Renounce Religion


You were on level 8 of the Dungeon.
You worshipped Cheibriados.
Cheibriados was noncommittal.
You visited 2 branches of the dungeon, and saw 9 of its levels.

You collected 455 gold pieces.
You spent 153 gold pieces at shops.

Inventory:

Hand Weapons
 c - a +3 mace of protection (weapon)
Missiles
 d - 2 throwing nets
Armour
 a - a +0 robe (worn)
 g - a +0 kite shield
 i - a +0 pair of boots (worn)
 m - a +0 buckler (worn)
 p - a +0 pair of gloves (worn)
Jewellery
 j - a ring of positive energy
 k - an amulet of the acrobat (around neck)
 n - a +6 ring of intelligence (right hand)
 s - a +6 ring of strength (left hand)
 t - an amulet of magic regeneration
Wands
 q - a wand of digging (8)
 u - a wand of polymorph (9)
 y - a wand of roots (19)
 B - a wand of flame (19)
Scrolls
 e - a scroll of amnesia
 f - a scroll of immolation
 h - a scroll of teleportation
 l - a scroll of blinking
 v - a scroll of fog
 A - a scroll of torment
 C - a scroll of poison
 F - a scroll of magic mapping
Potions
 b - 2 potions of magic
 o - a potion of attraction
 w - a potion of might
 z - a potion of ambrosia
 D - a potion of berserk rage {unknown}
 E - 2 potions of curing
 G - a potion of mutation


   Skills:
 + Level 5.0 Fighting
 + Level 5.0 Short Blades
 + Level 5.0 Long Blades
 + Level 5.0 Axes
 + Level 5.0 Maces & Flails
 + Level 5.0 Polearms
 + Level 5.0 Staves
 + Level 5.0 Ranged Weapons
 + Level 5.0 Throwing
 + Level 5.0 Armour
 + Level 6.8 Dodging
 + Level 6.6 Stealth
 + Level 5.0 Shields
 + Level 5.0 Unarmed Combat
 + Level 7.1 Spellcasting
 + Level 4.7 Conjurations
 + Level 4.1 Hexes
 + Level 4.1 Summonings
 + Level 4.1 Necromancy
 + Level 4.1 Translocations
 + Level 4.1 Transmutations
 + Level 6.9 Fire Magic
 + Level 4.1 Ice Magic
 + Level 4.1 Air Magic
 + Level 4.1 Earth Magic
 + Level 4.1 Poison Magic
 + Level 5.5 Invocations
 + Level 5.0 Evocations


You had 14 spell levels left.
You knew the following spells:

 Your Spells              Type           Power      Damage    Failure   Level
a - Foxfire               Conj/Fire      100%       2x1d9     1%          1
b - Scorch                Fire           80%        2d9       1%          2
c - Ignite Poison         Fire/Tmut/Pois 31%        N/A       3%          3
d - Mephitic Cloud        Conj/Pois/Air  28%        N/A       4%          3

Your spell library contained the following spells:

 Spells                   Type           Power      Damage    Failure   Level
 Freeze                   Ice            100%       1d10      1%          1
 Magic Dart               Conj           100%       1d8       1%          1
 Call Imp                 Summ           27%        N/A       2%          2
 Inner Flame              Hex/Fire       33%        N/A       3%          3
 Kindle Blastsparks       Fire/Tloc/Air  62%        2d15      3%          3
 Hailstorm                Conj/Ice       28%        3d8       4%          3
 Frozen Ramparts          Ice            54%        1d9       5%          3
 Flame Wave               Conj/Fire      35%        2d10      9%          4
 Sticky Flame             Conj/Fire      35%        2d5       9%          4
 Ice Form                 Ice/Tmut       27%        N/A       17%         4
 Summon Ice Beast         Ice/Summ       27%        N/A       17%         4
 Summon Forest            Summ/Tloc      13%        N/A       43%         5
 Summon Mana Viper        Hex/Summ       27%        N/A       43%         5
 Summon Cactus Giant      Summ           13%        N/A       95%         6
 Ignition                 Fire           20%        3d7       100%        8


Dungeon Overview and Level Annotations

Branches:
Dungeon (8/15)             Temple (1/1) D:7
   Lair: D:8-11

Altars:
Ashenzari
Cheibriados
Dithmenos
Elyvilon
Fedhas
Gozag
Hepliaklqana
Kikubaaqudgha
Makhleb
Nemelex Xobeh
Okawaru
Qazlal
Ru
Sif Muna
Trog
Uskayaw
Vehumet
Wu Jian
Xom
Yredelemnul
Zin
The Shining One

Shops:
D:5 *   D:7 (


Innate Abilities, Weirdness & Mutations

You have very sharp teeth.
Your uncanny sense of smell can sniff out nearby items.
Your experience applies equally to all skills.
You are partially covered in iridescent scales. (AC +2)
You are robust. (+10% HP)


Message History

The grasping roots constrict the two-headed ogre.
The two-headed ogre escapes!
The two-headed ogre completely misses you.
The two-headed ogre barely misses you.
Casting: Scorch (safe; 1% risk of failure)
Confirm with . or Enter, or press ? or * to list all spells.
Flames lash the bullfrog.
The bullfrog is lightly wounded.
The bullfrog's fire resistance burns away.
The two-headed ogre misses you.
The two-headed ogre hits you with a +0 giant spiked club!!
You are confused.
You feel invigorated. The two-headed ogre closely misses you.
The two-headed ogre hits you with a +0 giant spiked club!
You closely miss the two-headed ogre.
You bite the two-headed ogre, but do no damage.
The two-headed ogre is heavily wounded.
The bullfrog is no longer more vulnerable to fire.
The bullfrog releases a deep croak.
The two-headed ogre misses you.
The two-headed ogre hits you with a +0 giant spiked club!
You bump into the rock wall.
You feel less invigorated.
You feel less confused.
You barely miss the two-headed ogre.
The two-headed ogre is heavily wounded.
You block the two-headed ogre's attack. The two-headed ogre misses you.
You hit the two-headed ogre.
Your weapon exudes an aura of protection.
You bite the two-headed ogre, but do no damage.
The two-headed ogre is severely wounded.
The two-headed ogre is no longer more vulnerable to fire.
The two-headed ogre hits you with a +0 giant club!!
The two-headed ogre hits you with a +0 giant spiked club!
* * * LOW HITPOINT WARNING * * *
You sock the two-headed ogre!
The two-headed ogre is severely wounded.
The two-headed ogre hits you with a +0 giant club!
* * * LOW HITPOINT WARNING * * *
The two-headed ogre hits you with a +0 giant spiked club!
You die...

###.....###.......##......
.......)........).<.......
#...........#####........
##........##...###..##.##.
..........# ##......##....
##........# ######..#.... .
#........)#######......... ..
#.###............... ##. ∆
#FO@.>....##........ ....
#######.###.........>.
.....####.....................
..................#.##........
##.###.......................
#.# #.#..................###
#.# #.###.......####.##### #
#.# #.# ####..)###.....# #.
#.# #.# #...........# #.


You could see a two-headed ogre and a bullfrog.

Vanquished Creatures
  Pikel (D:5)
  Grinder (D:5)
  Sigmund (D:4)
  An acid dragon (D:7)
  3 water moccasins
  2 orc warriors
  An ice beast (D:6)
  2 black bears (D:6)
  A centaur (D:7)
  3 lemures (D:5)
  A phantom (D:6)
  A necrophage (D:5)
  2 bullfrogs (D:7)
  A scorpion (D:5)
  4 wights (D:7)
  5 killer bees (D:7)
  2 orc priests (D:7)
  2 jellies (D:7)
  A hound (D:5)
  4 iguanas
  Ijyb (D:4)
  Natasha (D:2)
  7 orc wizards
  A mummy (D:6)
  12 gnolls
  8 adders
  2 white imps
  2 ufetubi
  A worm (D:4)
  A dart slug (D:3)
  25 orcs
  7 endoplasms
  5 giant cockroaches
  8 goblins
  5 hobgoblins
  5 jackals
  5 kobolds
  A quokka (D:1)
  4 ball pythons
  6 bats
  2 frilled lizards (D:1)
  2 hobgoblin zombies (D:6)
  2 orc zombies (D:6)
  5 rats
157 creatures vanquished.

Vanquished Creatures (others)
  532 foxfires
  8 plants (D:7)
540 creatures vanquished.

Grand Total: 697 creatures vanquished

Notes
Turn   | Place    | Note
-------+----------+-------------------------------------------
     0 | D:1      | Ijustatesigmund the Gnoll Fire Elementalist began the quest
                  | for the Orb.
     0 | D:1      | Reached XP level 1. HP: 13/13 MP: 6/6
   229 | D:1      | Found a faded altar of an unknown god.
   233 | D:1      | Reached XP level 2. HP: 19/19 MP: 5/7
   742 | D:1      | Reached skill level 5 in Spellcasting
   742 | D:1      | Reached XP level 3. HP: 25/25 MP: 6/9
  1392 | D:2      | Reached skill level 1 in Invocations
  1668 | D:2      | Reached skill level 1 in Fighting
  1668 | D:2      | Reached skill level 1 in Short Blades
  1668 | D:2      | Reached skill level 1 in Long Blades
  1668 | D:2      | Reached skill level 1 in Axes
  1668 | D:2      | Reached skill level 1 in Maces & Flails
  1668 | D:2      | Reached skill level 1 in Polearms
  1668 | D:2      | Reached skill level 1 in Staves
  1668 | D:2      | Reached skill level 1 in Ranged Weapons
  1668 | D:2      | Reached skill level 1 in Throwing
  1668 | D:2      | Reached skill level 1 in Armour
  1668 | D:2      | Reached skill level 1 in Shields
  1668 | D:2      | Reached skill level 1 in Unarmed Combat
  1668 | D:2      | Reached skill level 1 in Evocations
  1670 | D:2      | Reached XP level 4. HP: 7/32 MP: 0/11
  1880 | D:2      | Reached skill level 1 in Hexes
  1880 | D:2      | Reached skill level 1 in Summonings
  1880 | D:2      | Reached skill level 1 in Necromancy
  1880 | D:2      | Reached skill level 1 in Translocations
  1880 | D:2      | Reached skill level 1 in Transmutations
  1880 | D:2      | Reached skill level 1 in Ice Magic
  1880 | D:2      | Reached skill level 1 in Air Magic
  1880 | D:2      | Reached skill level 1 in Earth Magic
  1880 | D:2      | Reached skill level 1 in Poison Magic
  1912 | D:2      | Reached XP level 5. HP: 6/37 MP: 2/12
  1915 | D:2      | Learned a level 2 spell: Scorch
  2211 | D:2      | Noticed Natasha
  2221 | D:2      | Killed Natasha
  3412 | D:3      | Reached XP level 6. HP: 23/44 MP: 6/13
  3768 | D:4      | Noticed Sigmund
  3778 | D:5      | Entered Level 5 of the Dungeon
  3787 | D:5      | Reached skill level 5 in Dodging
  3961 | D:5      | Found Icashre's Assorted Antiques.
  3977 | D:5      | Bought an ivory wand for 104 gold pieces
  3977 | D:5      | Bought a brown potion for 23 gold pieces
  3977 | D:5      | Bought a scroll labelled DOICEVV VEARCH for 26 gold pieces
  3983 | D:5      | Gained mutation: You are robust. (+10% HP) [potion of
                  | mutation]
  3983 | D:5      | Gained mutation: You are partially covered in iridescent
                  | scales. (AC +2) [potion of mutation]
  4336 | D:5      | Noticed Pikel
  4441 | D:5      | Killed Pikel
  4442 | D:5      | Reached skill level 5 in Stealth
  4442 | D:5      | Reached XP level 7. HP: 42/56 MP: 1/15
  4650 | D:5      | Noticed Grinder
  4671 | D:4      | Killed Sigmund
  4672 | D:4      | Reached XP level 8. HP: 58/63 MP: 9/16
  4850 | D:4      | Noticed Ijyb
  4856 | D:4      | Killed Ijyb
  5030 | D:4      | Reached skill level 6 in Spellcasting
  5274 | D:4      | Found a hazy altar of Hepliaklqana.
  5365 | D:4      | Found a shimmering blue altar of Sif Muna.
  5692 | D:5      | Paralysed by Grinder for 4 turns
  5703 | D:5      | Killed Grinder
  6657 | D:6      | Reached XP level 9. HP: 71/71 MP: 14/18
  6859 | D:6      | Learned a level 3 spell: Ignite Poison
  6863 | D:6      | Learned a level 3 spell: Mephitic Cloud
  6873 | D:6      | Found a bloodstained altar of Trog.
  7142 | D:6      | Found an iron altar of Okawaru.
  7414 | D:7      | Found a staircase to the Ecumenical Temple.
  7802 | D:7      | Found Irass's Antique Weapon Shoppe.
  8307 | D:7      | Reached skill level 5 in Invocations
  8509 | D:7      | Reached skill level 7 in Spellcasting
  8626 | D:7      | Found an ornate altar of the Wu Jian Council.
  9362 | Temple   | Entered the Ecumenical Temple
  9540 | Temple   | Became a worshipper of Cheibriados the Contemplative
  9769 | D:8      | Reached skill level 5 in Fighting
  9769 | D:8      | Reached skill level 5 in Short Blades
  9769 | D:8      | Reached skill level 5 in Long Blades
  9769 | D:8      | Reached skill level 5 in Axes
  9769 | D:8      | Reached skill level 5 in Maces & Flails
  9769 | D:8      | Reached skill level 5 in Polearms
  9769 | D:8      | Reached skill level 5 in Staves
  9769 | D:8      | Reached skill level 5 in Ranged Weapons
  9769 | D:8      | Reached skill level 5 in Throwing
  9769 | D:8      | Reached skill level 5 in Armour
  9769 | D:8      | Reached skill level 5 in Shields
  9769 | D:8      | Reached skill level 5 in Unarmed Combat
  9769 | D:8      | Reached skill level 5 in Evocations
  9769 | D:8      | Reached XP level 10. HP: 81/81 MP: 20/20
  9849 | D:8      | Noticed a two-headed ogre
  9865 | D:8      | Slain by a two-headed ogre

Illustrated notes

Levels and vault maps discovered:
D:1:      psy_arrival_fountain, layout_basic,
          hellmonk_ecumenical_altar_dog_temple
D:2:      layout_loops_corners, uniq_natasha
D:3:      layout_rooms
D:4:      layout_rooms, mainiacjoe_overflow_two_lobes, uniq_sigmund, uniq_ijyb
D:5:      layout_loops_corners, serial_shops, nicolae_shop_crystal, uniq_pikel,
          uniq_grinder
D:6:      layout_basic, mainiacjoe_overflow_surrounded_room, trog_book,
          kennysheep_nondescript, minmay_misc_feat_pillars, minmay_mini_ossuary
D:7:      minmay_spotlight, layout_basic, general_overflow_altar,
          minmay_temple_entry_gardened_gates, hex_tiny, kennysheep_small_square
D:8:      minmay_flawed_box, layout_rooms
Temple:   minmay_crystal_spiral_temple

Skill      XL: |  1  2  3  4  5  6  7  8  9 |
---------------+----------------------------+-----
Conjurations   | 2 3 4 |  4.7
Spellcasting   | 5 6 7 |  7.1
Invocations    | 1 2 3 4 5 |  5.5
Fighting       | 1 2 3 5 |  5.0
Short Blades   | 1 2 3 5 |  5.0
Long Blades    | 1 2 3 5 |  5.0
Axes           | 1 2 3 5 |  5.0
Maces & Flails | 1 2 3 5 |  5.0
Polearms       | 1 2 3 5 |  5.0
Staves         | 1 2 3 5 |  5.0
Ranged Weapons | 1 2 3 5 |  5.0
Throwing       | 1 2 3 5 |  5.0
Armour         | 1 2 3 5 |  5.0
Shields        | 1 2 3 5 |  5.0
Unarmed Combat | 1 2 3 5 |  5.0
Evocations     | 1 2 3 5 |  5.0
Hexes          | 1 2 3 4 |  4.1
Summonings     | 1 2 3 4 |  4.1
Necromancy     | 1 2 3 4 |  4.1
Translocations | 1 2 3 4 |  4.1
Transmutations | 1 2 3 4 |  4.1
Ice Magic      | 1 2 3 4 |  4.1
Air Magic      | 1 2 3 4 |  4.1
Earth Magic    | 1 2 3 4 |  4.1
Poison Magic   | 1 2 3 4 |  4.1
Dodging        | 5 6 |  6.8
Stealth        | 5 6 |  6.6
Fire Magic     | 6 |  6.9

Action                   |  1- 3 |  4- 6 |  7- 9 | 10-12 || total
-------------------------+-------+-------+-------+-------++-------
Melee: Rapier            |     1 |     4 |       |       ||     5
       Mace              |       |    29 |    33 |     8 ||    70
       Bite              |       |     4 |     4 |     2 ||    10
 Cast: Foxfire           |    73 |   134 |   110 |       ||   317
       Scorch            |       |    25 |    75 |     3 ||   103
Evoke: Wand              |       |       |     2 |     2 ||     4
  Use: Potion            |     1 |     4 |     4 |     1 ||    10
       Scroll            |       |     9 |    11 |       ||    20
Armor: Robe              |     1 |    20 |    22 |     1 ||    44
Dodge: Dodged            |    15 |   123 |   130 |    10 ||   278
Block: Buckler           |       |     9 |    41 |     2 ||    52

Table legend: (Time is in decaauts)
 A = Elapsed time spent in this place.
 B = Non-inter-level travel time spent in this place.
 C = Inter-level travel time spent in this place.
 D = Time resting spent in this place.
 E = Time spent auto-exploring this place.
 F = Levels seen in this place.
 G = Mean time per level.
                   A        B        C        D        E       F      G
               +--------+--------+--------+--------+--------+-----+--------+
         Total |   9955 |   9547 |    408 |   1842 |   6145 |   9 | 1106.1 |
       Dungeon |   9728 |   9419 |    309 |   1842 |   6033 |   8 | 1216.0 |
        Temple |    227 |    128 |     99 |      0 |    112 |   1 |  227.0 |
               +--------+--------+--------+--------+--------+-----+--------+

Top non-repeatable levels by time:
     D:7: 1774 daAuts
     D:5: 1710 daAuts
     D:2: 1427 daAuts
     D:4: 1198 daAuts
     D:3: 1081 daAuts
     D:6: 959 daAuts
     D:1: 922 daAuts
     D:8: 655 daAuts
  Temple: 227 daAuts
